 Dungeon Crawl Stone Soup version 0.28.0-1-gb440e238dd (webtiles) character file.

Game seed: 3851586729180038761

70 issech the Cudgeller (level 4, 45/45 HPs)
             Began as a Troll Monk on Feb 24, 2022.
             Quit the game on level 2 of the Dungeon.
             The game lasted 00:07:21 (1967 turns).

issech the Cudgeller (Troll Monk)                   Turns: 1967, Time: 00:07:22

Health: 45/45      AC:  5    Str: 19    XL:     4   Next: 3%
Magic:  3/3        EV: 10    Int:  6    God:
Gold:   56         SH:  0    Dex: 14    Spells: 3/3 levels left

rFire   . . .      SeeInvis .   a - +1 mace
rCold   . . .      Faith    .   (no shield)
rNeg    . . .      Spirit   .   b - +1 robe
rPois   .          Reflect  .   (helmet restricted)
rElec   .          Harm     .   (no cloak)
rCorr   .          Rampage  .   (gloves unavailable)
Will    .....                   (boots unavailable)
Stlth   ++........              (no amulet)
HPRegen 0.95/turn               (no ring)
MPRegen 0.08/turn               (no ring)

@: no status effects
A: large, unfitting armour, claws 3, regeneration 1, shaggy fur 1, tough skin 1
a: no special abilities


You were on level 2 of the Dungeon.
You visited 1 branch of the dungeon, and saw 2 of its levels.

You collected 56 gold pieces.

Inventory:

Hand Weapons
 a - a +1 mace (weapon)
 i - the +3 quarterstaff of Xenluaro {drain, Int+6}
   (You found it on level 2 of the Dungeon)

   A truly terrible weapon, it drains the life of any living foe it strikes.
   Int:       It affects your intelligence (+6).
 j - a +0 whip
 k - a +1 rapier of electrocution
Missiles
 d - 13 stones (quivered)
Armour
 b - a +1 robe (worn)
Scrolls
 c - 2 scrolls of noise
 h - a scroll of enchant weapon
 m - a scroll of fog {unknown}
Potions
 f - a potion of cancellation {unknown}


   Skills:
 + Level 3.0 Fighting
 + Level 3.6 Maces & Flails
 + Level 2.8 Dodging
 + Level 1.1 Stealth


You had 3 spell levels left.
You didn't know any spells.
Your spell library contained the following spells:

 Spells                   Type           Power      Damage    Failure   Level
 Sublimation of Blood     Necr           0%         N/A       58%         2
 Wereblood                Tmut           0%         N/A       58%         2
 Summon Hydra             Summ           0%         N/A       100%        7


Dungeon Overview and Level Annotations

Branches:
Dungeon (2/15)

Altars:


Innate Abilities, Weirdness & Mutations

You are too large for most types of armour.
You have claws for hands.
Your natural rate of healing is unusually fast.
You are covered in fur. (AC +1)
You have tough skin. (AC +1)


Message History

l - a scroll labelled GOAKHL DIPN
Found a ring mail and a scroll labelled ITY ERUX DINO.
You see here a +0 ring mail.
m - a scroll labelled ITY ERUX DINO A giant cockroach comes into view.
The helpless giant cockroach fails to defend itself.
You hit the giant cockroach but do no damage.
Your claw misses the giant cockroach.
The giant cockroach bites you but does no damage.
You barely miss the giant cockroach. The giant cockroach bites you.
The giant cockroach bites you but does no damage.
You hit the giant cockroach but do no damage.
The giant cockroach bites you.
You thump the giant cockroach!
You kill the giant cockroach!
Your Fighting skill increases to level 3!
You now have 54 gold pieces (gained 9).
You see here a ball python skeleton.
You see here a bat skeleton.
You see here a +0 leather armour.
You see here a +0 dagger.
You now have 56 gold pieces (gained 2).
Done exploring.
Done exploring.
You see here a bat skeleton.
There is a stone staircase leading down here.
As you read the scroll labelled COSYAN VI NIE, it crumbles to dust.
It is a scroll of enchant weapon.
Your +0 mace glows red for a moment.
As you read the scroll labelled LAGOUGH WADGH, it crumbles to dust.
You feel momentarily disoriented.
It was a scroll of magic mapping.
As you read the scroll labelled IZAESCH ROXIBBU, it crumbles to dust.
You assume a fearsome visage.
Nothing appears to happen.
It was a scroll of fear.
Unknown command.
Unknown command.
As you read the scroll labelled GOAKHL DIPN, it crumbles to dust.
It is a scroll of enchant armour.
Your +0 robe glows green for a moment.
Are you sure you want to abandon this character and quit the game? (Confirm with "yes".)

#>..................# #.#
..†#.#####.#####.##.# #.# #..#.#
#.# #.##.######.### #..#.# #.#
#.##..........#### #..#.#####.#
#÷#########....... ...........#
#.# ####.### ##.#.####### #.#
######.### .....# #.# #.........
##.#############@#######.####.###
#...##...............÷..# #÷#
#.#.##.########.######..# #.#
#.#.#...## #.# #..# #.###
##.#..#.#.### #.# #..####....
............# #.# #..........
##.#..###.#.####.## #.#########
#.#..............# #.# ####
#.#..#.#.###.##..# #.# #...


There were no monsters in sight!

Vanquished Creatures
  A gnoll shaman (D:2)
  An adder (D:2)
  2 endoplasms
  2 giant cockroaches
  3 hobgoblins
  2 quokkas
  4 ball pythons
  5 bats
  3 frilled lizards
  4 goblins
  3 kobolds (D:1)
  4 rats
34 creatures vanquished.

Notes
Turn   | Place    | Note
-------+----------+-------------------------------------------
     0 | D:1      | issech the Troll Monk began the quest for the Orb.
     0 | D:1      | Reached XP level 1. HP: 22/22 MP: 0/0
   258 | D:1      | Reached XP level 2. HP: 29/29 MP: 1/1
   465 | D:1      | Found a faded altar of an unknown god.
  1239 | D:2      | Reached XP level 3. HP: 14/36 MP: 2/2
  1323 | D:2      | Identified the +3 quarterstaff of Xenluaro {drain, Int+6}
  1567 | D:2      | Reached XP level 4. HP: 44/44 MP: 3/3
  1967 | D:2      | Quit the game

Illustrated notes

Levels and vault maps discovered:
D:1:      dpeg_arrival_radiant, layout_basic,
          shapermc_ecumenical_altar_hornbeckon
D:2:      layout_loops_ring, minmay_tromino_v7

Skill      XL: |  1  2  3  4 |
---------------+-------------+-----
Maces & Flails | 3 |  3.6
Fighting       | 3 |  3.0
Dodging        | |  2.8
Stealth        | |  1.1

Action                   |  1- 3 |  4- 6 || total
-------------------------+-------+-------++-------
Melee: Mace              |   113 |     6 ||   119
       Punch             |     2 |       ||     2
Throw: Stone             |     1 |       ||     1
  Use: Scroll            |     1 |     4 ||     5
 Stab: Sleeping          |     2 |     1 ||     3
Armor: Robe              |    43 |     2 ||    45
Dodge: Dodged            |    65 |     2 ||    67
